AoeStats
← csknahmet27

Nomad

510113767Analyzed
4v4 RM · 2d ago on Sep 29, 2026· 41m 30s· 8 players
Game mode
Random Map
Map size
231×231
Population
200
Speed
Normal
Resources
Standard
Victory
Conquest
Starting age
Dark Age
Ending age
Imperial Age
RankedLock teamsTeams togetherTeam positionsShared explorationLock speedFull tech treeHidden civsTurbo modeCheats
Victory
Defeat
1722
+7
🇨🇳 Magyars · China
1595
+12
🇨🇳 Saxons · China
1380
+20
🇨🇳 Danes · China
1343
+21
🇪🇸 Persians · Spain
1535
-17
🇯🇵 Dravidians · Japan
1531
-17
🇹🇷 Japanese · Türkiye
1469
-14
🇨🇦 Burmese · Canada
1423
-12
tktk
4:49 Loom
14:03 Feudal Age
15:15 Double-Bit Axe
15:23 Gold Mining
17:51 Castle Age
15:38 Fishing Lines
17:55 Fletching
17:49 Horse Collar
18:55 Medium Warships
20:49 Bodkin Arrow
23:15 Wheelbarrow
24:09 Gillnets
25:58 Hand Cart
33:32 Imperial Age
31:37 Thumb Ring
32:21 Padded Archer Armor
33:22 Bow Saw
34:38 Bracer
35:54 Conscription
36:10 Ballistics
37:53 Chemistry
36:23 Elite Skirmisher
38:05 Leather Archer Armor
41:20 Ring Archer Armor
TheWolf
11:28 Loom
13:45 Feudal Age
17:58 Castle Age
16:01 Stone Mining
23:53 Husbandry
25:47 Scale Barding Armor
27:51 Bloodlines
36:21 Imperial Age
35:21 Chain Barding Armor
37:04 Wheelbarrow
37:47 Conscription
37:23 Fletching
41:04 Padded Archer Armor
TandemTooth
4:46 Loom
13:27 Feudal Age
17:05 Castle Age
16:01 Double-Bit Axe
17:53 Bow Saw
19:47 Horse Collar
23:18 Wheelbarrow
22:33 Town Watch
25:19 Fishing Lines
27:25 Gillnets
30:36 Imperial Age
28:18 Scale Barding Armor
28:24 Forging
28:38 Bloodlines
28:37 Husbandry
29:54 Gold Mining
31:29 Chain Barding Armor
31:15 Cavalier
34:16 Conscription
34:45 Fletching
35:34 Plate Barding Armor
35:06 Fletching
36:17 Chemistry
40:57 Iron Casting
csknahmet27
3:39 Loom
15:19 Feudal Age
22:13 Castle Age
27:57 Town Watch
33:33 Scale Mail Armor
38:44 Chain Mail Armor
38:40 Forging
钢铁猫
6:03 Loom
14:37 Feudal Age
15:35 Double-Bit Axe
18:27 Castle Age
17:52 Fishing Lines
20:02 Bow Saw
23:43 Horse Collar
28:20 Wheelbarrow
27:57 Scale Mail Armor
28:48 Heavy Plow
29:04 Forging
28:52 Town Watch
29:49 Pikeman
30:53 Chain Mail Armor
30:54 Squires
32:38 Hand Cart
33:29 Iron Casting
38:38 Imperial Age
36:13 Gambesons
36:14 Arson
38:43 Halberdier
39:54 Plate Mail Armor
39:45 Conscription
39:43 Guilds
40:47 Gold Mining
爱炸房的鳄鱼
5:22 Loom
15:37 Feudal Age
20:57 Horse Collar
21:05 Double-Bit Axe
22:22 Wheelbarrow
27:24 Castle Age
28:05 Light Cavalry
34:21 Bow Saw
34:46 Heavy Plow
35:21 Bloodlines
35:45 Hand Cart
37:13 Gold Mining
37:59 Town Watch
41:54 Imperial Age
39:56 Bloodlines
快乐的菜鸟
10:15 Loom
13:40 Feudal Age
18:00 Castle Age
16:00 Double-Bit Axe
16:17 Fishing Lines
17:05 Horse Collar
17:18 Gold Mining
20:11 Bow Saw
19:52 Gillnets
20:10 Scale Mail Armor
21:28 Fletching
23:52 Heavy Plow
25:55 Wheelbarrow
25:39 Bodkin Arrow
27:20 Chain Mail Armor
28:14 Hand Cart
28:31 Town Watch
30:29 Gold Shaft Mining
30:28 Ballistics
34:15 Imperial Age
32:26 Forging
34:00 Iron Casting
34:17 Heavy Plow
37:04 Chemistry
36:26 Conscription
36:41 Hoardings
38:01 Plate Mail Armor
39:38 Blast Furnace
38:58 Siege Engineers
40:04 Masonry
40:25 Elite Jomsviking
爱睡觉的鳄鱼
7:00 Loom
14:16 Feudal Age
18:02 Castle Age
16:36 Scale Barding Armor
16:23 Gold Mining
16:15 Fishing Lines
17:44 Bloodlines
17:48 Forging
18:03 Double-Bit Axe
19:22 Chain Barding Armor
21:06 Horse Collar
25:25 Wheelbarrow
27:31 Sanctity
29:03 Bow Saw
29:09 Heavy Plow
30:27 Stone Mining
31:50 Hand Cart
32:18 Stone Shaft Mining
35:41 Imperial Age
33:27 Husbandry
34:03 Iron Casting
34:41 Iron Casting
37:04 Plate Barding Armor
35:57 Cavalier
36:50 Guilds
37:33 Paladin
38:07 Town Watch
40:34 Crop Rotation
41:07 Two-Man Saw
40:35 Conscription
Connection lost

Rejoining the realm…

Still unreachable

The connection could not be restored.

Session expired

The server has moved on; the page needs a fresh start.